 Dungeon Crawl Stone Soup version 0.29.1-15-g9cfb28693d (webtiles) character file.

Game seed: 8041047370185532182

2403 Gabide the Fighter (level 9, -6/100 HPs)
             Began as an Ogre Monk on Mar 15, 2023.
             Was an Elder of Elyvilon.
             Mangled by a troll (12 damage)
             ... on level 7 of the Dungeon.
             The game lasted 00:13:01 (5363 turns).

Gabide the Fighter (Ogre Monk)                      Turns: 5363, Time: 00:13:02

Health: -6/100     AC:  8    Str: 23    XL:     9   Next: 47%
Magic:  12/14      EV: 11    Int: 11    God:    Elyvilon [****..]
Gold:   326        SH:  0    Dex: 11    Spells: 8/8 levels left

rFire   . . .      SeeInvis .   c - +4 bardiche of Ruination {vorpal, Str+2}
rCold   . . .      Faith    .   (shield currently unavailable)
rNeg    . . .      Spirit   .   b - +1 robe
rPois   .          Reflect  .   (helmet restricted)
rElec   .          Harm     .   (no cloak)
rCorr   .          Rampage  .   (gloves unavailable)
Will    .....                   (boots unavailable)
Stlth   ++........              q - amulet of regeneration
HPRegen 1.06/turn               v - +4 ring of protection
MPRegen 0.14/turn               j - +4 ring of slaying

@: no status effects
A: large, unfitting armour, tough skin 1
a: Renounce Religion, Purification, Heal Other, Heal Self


You were on level 7 of the Dungeon.
You worshipped Elyvilon.
Elyvilon was greatly pleased with you.
You visited 2 branches of the dungeon, and saw 8 of its levels.

You collected 326 gold pieces.

Inventory:

Hand Weapons
 a - a +1 spear
 c - the +4 bardiche of Ruination (weapon) {vorpal, Str+2}
   (You acquired it on level 3 of the Dungeon)

   It inflicts extra damage upon your enemies.
   Str:       It affects your strength (+2).
Missiles
 e - 14 poisoned darts (quivered)
 o - a javelin
Armour
 b - a +1 robe (worn)
Jewellery
 j - a +4 ring of slaying (right hand)
 q - an amulet of regeneration (around neck)
 r - a +6 ring of dexterity
 v - a +4 ring of protection (left hand)
 x - a +4 ring of evasion
Scrolls
 d - a scroll of teleportation
 w - a scroll of enchant armour
Potions
 f - a potion of might
 g - a potion of cancellation
 h - 2 potions of flight
 i - a potion of invisibility {unknown}
 k - a potion of mutation {unknown}
 l - a potion of attraction {unknown}
 m - a potion of brilliance {unknown}
 n - a potion of curing {unknown}
 p - a potion of heal wounds {unknown}
 s - 2 potions of magic


   Skills:
 * Level 9.5 Fighting
 * Level 6.9 Polearms
 + Level 5.1 Dodging
 - Level 2.0 Stealth
 * Level 7.3 Invocations


You had 8 spell levels left.
You didn't know any spells.
Your spell library contained the following spells:

 Spells                   Type           Power      Damage    Failure   Level
 Apportation              Tloc           0%         N/A       34%         1
 Foxfire                  Conj/Fire      0%         2x1d4     34%         1
 Necrotise                Necr           0%         1d4       34%         1
 Sandblast                Erth           0%         2d4       34%         1
 Blink                    Tloc           0%         N/A       47%         2
 Poisonous Vapours        Pois/Air       0%         N/A       47%         2
 Conjure Flame            Conj/Fire      0%         6-21      71%         3
 Inner Flame              Hex/Fire       0%         N/A       71%         3
 Lesser Beckoning         Tloc           0%         N/A       71%         3
 Portal Projectile        Hex/Tloc       0%         N/A       71%         3
 Tukima's Dance           Hex            0%         N/A       71%         3
 Corpse Rot               Necr/Pois/Air  0%         N/A       98%         4
 Flame Wave               Conj/Fire      0%         2d4       98%         4
 Blade Hands              Tmut           0%         N/A       100%        5
 Manifold Assault         Tloc           0%         N/A       100%        5


Dungeon Overview and Level Annotations

Branches:
Dungeon (7/15)             Temple (1/1) D:4

Altars:
Ashenzari
Cheibriados
Dithmenos
Elyvilon
Fedhas
Gozag
Hepliaklqana
Kikubaaqudgha
Makhleb
Nemelex Xobeh
Okawaru
Qazlal
Ru
Sif Muna
Trog
Uskayaw
Vehumet
Wu Jian
Xom
Yredelemnul
Zin
The Shining One

Shops:
D:6 [


Innate Abilities, Weirdness & Mutations

You are too large for most types of armour.
You have tough skin. (AC +1)


Message History

The troll is heavily wounded.
The troll closely misses you. The troll claws you! The troll barely misses you.
The troll bites you. The troll claws you but does no damage.
The troll claws you.
You are too injured to fight recklessly!
You are too injured to fight recklessly!
You are too injured to fight recklessly!
You are too injured to fight recklessly!
You are too injured to fight recklessly!
You are too injured to fight recklessly!
You are too injured to fight recklessly!
You are too injured to fight recklessly!
You are too injured to fight recklessly!
You are too injured to fight recklessly!
You are too injured to fight recklessly!
You are too injured to fight recklessly!
You are too injured to fight recklessly!
You barely miss the troll.
The troll is heavily wounded.
The troll bites you. The troll claws you! The troll barely misses you.
The troll bites you!
* * * LOW HITPOINT WARNING * * *
The troll claws you.
* * * LOW HITPOINT WARNING * * *
The troll barely misses you.
Throw: throwing net
Press: ? - help, Shift-Dir - straight line, f/p - troll
Aim: a troll (moderately wounded, 65% to hit)
You throw a throwing net.
The throwing net barely misses the troll.
The troll bites you!
* * * LOW HITPOINT WARNING * * *
The troll claws you. Elyvilon protects you from harm!
The troll barely misses you.
Press: ? - help, Dir - move target, f/p - troll Heal: a troll (moderately wounded, chance to pacify: 39%)
The light of Elyvilon fails to reach the troll.
The troll bites you!
You die...

## #! ## #. # ...#+#.
.## #..... ##.##
[#.8...#[#>.#
#'..⌠..'##..#
..)....@....#
#+..⌠..T##..#
#.....#[#..#
####....(###..#
####....#+#......#
#.......# #......#
#.......###......####
#...................#
#...............###.#


You could see a troll.

Vanquished Creatures
  Pikel (D:6)
  Grinder (D:3)
  Eustachio (D:5)
  A water moccasin (D:6)
  2 black bears
  An ice beast (D:4)
  2 ogres (D:6)
  A centaur (D:4)
  A lemure (D:6)
  A gnoll sergeant (D:5)
  A bullfrog (D:4)
  A necrophage (D:4)
  3 scorpions
  A jelly (D:6)
  5 hounds
  3 iguanas
  13 gnolls
  13 adders
  A worm (D:4)
  4 dart slugs
  5 orcs
  5 endoplasms
  A giant cockroach (D:2)
  8 goblins
  8 hobgoblins
  8 jackals
  3 quokkas
  9 ball pythons
  7 bats
  5 frilled lizards
  13 kobolds
  7 rats
136 creatures vanquished.

Notes
Turn   | Place    | Note
-------+----------+-------------------------------------------
     0 | D:1      | Gabide the Ogre Monk began the quest for the Orb.
     0 | D:1      | Reached XP level 1. HP: 24/24 MP: 1/1
     6 | D:1      | Noticed a black mamba
     6 | D:1      | Noticed a polar bear
     7 | D:1      | Noticed a komodo dragon
   270 | D:1      | Found a faded altar of an unknown god.
   336 | D:1      | Reached XP level 2. HP: 32/32 MP: 2/2
   877 | D:1      | Reached XP level 3. HP: 37/40 MP: 3/3
  1375 | D:2      | Reached skill level 5 in Fighting
  1479 | D:2      | Got Witchcraft, Part One
  1499 | D:2      | You fall into a shaft and drop 2 floors!
  1499 | D:4      | Found a staircase to the Ecumenical Temple.
  1502 | Temple   | Entered the Ecumenical Temple
  1523 | Temple   | Became a worshipper of Elyvilon the Healer
  1523 | Temple   | Reached * piety under Elyvilon
  1523 | Temple   | Reached ** piety under Elyvilon
  1778 | D:4      | Noticed a scorpion
  1795 | D:4      | Killed a scorpion
  1796 | D:4      | Reached XP level 4. HP: 26/50 MP: 4/4
  1815 | D:4      | Reached XP level 5. HP: 44/57 MP: 5/5
  1861 | D:4      | Reached skill level 6 in Fighting
  1893 | D:4      | Reached XP level 6. HP: 67/68 MP: 6/6
  1917 | D:4      | Noticed an ice beast
  1947 | D:4      | HP: 3/68 [ice beast (6)]
  1953 | D:4      | Killed an ice beast
  1954 | D:4      | Reached skill level 5 in Polearms
  2104 | D:4      | Reached skill level 7 in Fighting
  2191 | D:4      | Reached skill level 1 in Invocations
  2191 | D:4      | Reached XP level 7. HP: 45/78 MP: 6/8
  2573 | D:3      | Found a sacrificial altar of Ru.
  2573 | D:3      | Found a hazy altar of Hepliaklqana.
  2806 | D:3      | Noticed Grinder
  2818 | D:3      | Paralysed by Grinder for 5 turns
  2830 | D:3      | Paralysed by Grinder for 4 turns
  2845 | D:3      | Paralysed by Grinder for 4 turns
  2846 | D:3      | Killed Grinder
  2893 | D:3      | Reached *** piety under Elyvilon
  3339 | D:3      | Identified a scroll of acquirement
  3339 | D:3      | Acquired the +4 bardiche of Ruination {vorpal, Str+2}
  3524 | D:5      | Entered Level 5 of the Dungeon
  3588 | D:5      | Reached skill level 5 in Invocations
  3664 | D:5      | Reached XP level 8. HP: 83/87 MP: 11/11
  3818 | D:5      | Identified the +1 leather armour of Hubris {*Slow Will+
                  | Str+3 Dex+4}
  4032 | D:5      | Noticed Eustachio
  4040 | D:5      | HP: 2/87 [gnoll/+0 halberd[a gnoll sergeant] (6)]
  4040 | D:5      | Elyvilon protects you from harm!
  4040 | D:5      | Elyvilon protects you from harm!
  4222 | D:5      | Killed Eustachio
  4223 | D:5      | Reached skill level 8 in Fighting
  4542 | D:6      | Found Leazaete's Armour Boutique.
  4646 | D:6      | Reached **** piety under Elyvilon
  4740 | D:6      | Reached XP level 9. HP: 84/97 MP: 13/13
  5107 | D:6      | Noticed Pikel
  5159 | D:6      | Killed Pikel
  5160 | D:6      | Reached skill level 9 in Fighting
  5160 | D:6      | Reached skill level 5 in Dodging
  5353 | D:7      | Noticed a troll
  5353 | D:7      | Found the +18 Lear's hauberk
  5362 | D:7      | HP: 5/100 [troll (15)]
  5362 | D:7      | Elyvilon protects you from harm!
  5363 | D:7      | Mangled by a troll

Illustrated notes

Levels and vault maps discovered:
D:1:      onia_arrival_zoo_common, layout_basic, ebering_ecumenical_altar_mist
D:2:      minmay_angry_zag, layout_rooms, st_stairs_9
D:3:      layout_loops_cross, chequers_temple_overflow_statue_of_worship,
          uniq_grinder
D:4:      layout_rooms, lemuel_temple_firewalk_b
D:5:      layout_gridville, uniq_eustachio
D:6:      layout_basic, serial_shops, shop, eino_small_chamber_without_monster,
          uniq_pikel
D:7:      layout_rooms, serial_glass, glass_columns_a, glass_columns_a,
          glass_columns_a, glass_columns_a, glass_columns_a, glass_columns_b,
          glass_columns_b, glass_columns_c, serial_shops, shop_statue,
          hellmonk_guarded_unrand_lears
Temple:   nicolae_temple_bog_church

Skill      XL: |  1  2  3  4  5  6  7  8  9 |
---------------+----------------------------+-----
Dodging        | 3 4 5 |  5.1
Fighting       | 5 6 7 8 9 |  9.5
Polearms       | 4 5 6 |  6.9
Stealth        | 2 |  2.0
Invocations    | 1 5 6 7 |  7.3

Action                   |  1- 3 |  4- 6 |  7- 9 || total
-------------------------+-------+-------+-------++-------
Melee: Spear             |   120 |   136 |   112 ||   368
       Punch             |     1 |     1 |       ||     2
       Bardiche          |       |       |   120 ||   120
Throw: Stone             |     8 |       |       ||     8
       Dart              |    34 |     9 |     7 ||    50
       Javelin           |     4 |     2 |     6 ||    12
       Throwing net      |       |       |     1 ||     1
Invok: Heal Self         |       |       |     3 ||     3
       Heal Other        |       |       |     1 ||     1
  Use: Scroll            |     6 |     1 |    10 ||    17
       Potion            |       |     1 |       ||     1
 Stab: Sleeping          |     1 |       |     8 ||     9
Armor: Robe              |    24 |    36 |    58 ||   118
Dodge: Dodged            |    43 |    71 |   127 ||   241
